| TOP OF THE 1ST |
|
Cleveland (APP) Indians batting - Pitching for Pulaski Yankees : LHP Matt Cusatis
|
|
Pitching: LHP Matt Cusatis
|
|
|
Batting: RHB Tsega Haida
|
0-0: Ball 1-0: Ball 2-0: SINGLE (Line Drive, 89S, EV 96.2 MPH)
|
|
Batting: RHB Jose Argueta
|
0-0: Ball 1-0: Foul Ball, location: 2F 1-1: Foul Ball, location: 2F 1-2: Strikes out swinging
|
|
Batting: RHB Bill Ortiz
|
0-0: Ball 1-0: Foul Ball, location: 2F 1-1: Foul Ball, location: 2F 1-2: Strikes out swinging
|
|
Batting: RHB Kevin Trull
|
0-0: DOUBLE (Line Drive, 78M, EV 95.0 MPH) Tsega Haida to third Runner from 3rd tries for Home, throw by LF and OUT! 7-6-2
|
| Top of the 1st over - 0 runs, 2 hits, 0 errors, 1 left on base; Cleveland (APP) 0 - Pulaski 0 |
| BOTTOM OF THE 1ST |
|
Pulaski Yankees batting - Pitching for Cleveland (APP) Indians : RHP Jesus Montana
|
|
Pitching: RHP Jesus Montana
|
|
|
Batting: RHB Jonathan Iniguez
|
0-0: Called Strike 0-1: Foul Ball, location: 2F 0-2: Hit by Pitch
|
|
Batting: SHB Corey Penson
|
0-0: Ball Jonathan Iniguez steals 2nd base (no throw) 1-0: Swinging Strike 1-1: Ground out U3 (Groundball, 34, EV 80.6 MPH) Jonathan Iniguez to third
|
|
Batting: LHB Steve LeGrand
|
0-0: Ball 1-0: Ball 2-0: Ball 3-0: Called Strike 3-1: Base on Balls
|
|
Batting: RHB Gonçalo Burhil
|
0-0: Ball 1-0: Ball 2-0: Called Strike 2-1: SINGLE (Groundball, 6MD, EV 103.1 MPH) Jonathan Iniguez scores Steve LeGrand to second
|
|
Batting: RHB David Durr
|
0-0: Called Strike 0-1: Foul Ball, location: 2F 0-2: Fly out, F9 (Line Drive, 9LM, EV 95.6 MPH)
|
|
Batting: LHB Jared Zulkowski
|
0-0: Ball 1-0: Foul Ball, location: 2F 1-1: Ground out 5-3 (Groundball, 56S, EV 71.9 MPH)
|
| Bottom of the 1st over - 1 run, 1 hit, 0 errors, 2 left on base; Cleveland (APP) 0 - Pulaski 1 |
| TOP OF THE 2ND |
|
Cleveland (APP) Indians batting - Pitching for Pulaski Yankees : LHP Matt Cusatis
|
|
Batting: RHB Joe Shade
|
0-0: Foul Ball, location: 2F 0-1: Foul Ball, location: 2F 0-2: Ball 1-2: Ground out 1-3 (Groundball, 13S, EV 73.1 MPH)
|
|
Batting: RHB Justin Teague
|
0-0: Ball 1-0: Called Strike 1-1: Fly out, F8 (Flyball, 8RD, EV 105.0 MPH)
|
|
Batting: RHB Aaron Stout
|
0-0: Ball 1-0: Ball 2-0: Called Strike 2-1: Ball 3-1: Fly out, F8 (Flyball, 89D, EV 102.5 MPH)
|
| Top of the 2nd over - 0 runs, 0 hits, 0 errors, 0 left on base; Cleveland (APP) 0 - Pulaski 1 |
| BOTTOM OF THE 2ND |
|
Pulaski Yankees batting - Pitching for Cleveland (APP) Indians : RHP Jesus Montana
|
|
Batting: LHB Sergio Huerta
|
0-0: Ball 1-0: Ball 2-0: Ground out 4-3 (Groundball, 34D, EV 84.4 MPH)
|
|
Batting: LHB Loo Lei
|
0-0: Called Strike 0-1: Foul Ball, location: 2F 0-2: Ball 1-2: Ball 2-2: Strikes out looking
|
|
Batting: RHB Ben Cunningham
|
0-0: Fly out, F9 (Flyball, 9D, EV 107.5 MPH)
|
| Bottom of the 2nd over - 0 runs, 0 hits, 0 errors, 0 left on base; Cleveland (APP) 0 - Pulaski 1 |
| TOP OF THE 3RD |
|
Cleveland (APP) Indians batting - Pitching for Pulaski Yankees : LHP Matt Cusatis
|
|
Batting: RHB Carlos Manriquez
|
0-0: Swinging Strike 0-1: Ball 1-1: Called Strike 1-2: SOLO HOME RUN (Flyball, 7D, EV 98.1 MPH), Distance : 373 ft
|
|
Batting: RHB Michael Powell
|
0-0: Ball 1-0: Ball 2-0: Ball 3-0: Called Strike 3-1: Base on Balls
|
|
Batting: RHB Tsega Haida
|
0-0: Ball 1-0: Called Strike 1-1: Called Strike 1-2: Strikes out swinging
|
|
Batting: RHB Jose Argueta
|
0-0: Ball 1-0: Fielders Choice at 2nd, 4-6 (Groundball, 4, EV 100.6 MPH)
|
|
Batting: RHB Bill Ortiz
|
0-0: Called Strike 0-1: Called Strike 0-2: Ball 1-2: Ground out 5-3 (Groundball, 56S, EV 86.2 MPH)
|
| Top of the 3rd over - 1 run, 1 hit, 0 errors, 1 left on base; Cleveland (APP) 1 - Pulaski 1 |
| BOTTOM OF THE 3RD |
|
Pulaski Yankees batting - Pitching for Cleveland (APP) Indians : RHP Jesus Montana
|
|
Batting: RHB Jonathan Iniguez
|
0-0: Ball 1-0: Ball 2-0: Called Strike 2-1: Ground out 6-3 (Groundball, 6, EV 98.1 MPH)
|
|
Batting: SHB Corey Penson
|
0-0: Ball 1-0: Ground out 4-3 (Groundball, 4S, EV 92.5 MPH)
|
|
Batting: LHB Steve LeGrand
|
0-0: SINGLE (Groundball, 6MD, EV 107.5 MPH)
|
|
Batting: RHB Gonçalo Burhil
|
0-0: SINGLE (Groundball, 6D, EV 94.4 MPH) Steve LeGrand to second
|
|
Batting: RHB David Durr
|
0-0: Ground out 4-3 (Groundball, 34D, EV 103.1 MPH)
|
| Bottom of the 3rd over - 0 runs, 2 hits, 0 errors, 2 left on base; Cleveland (APP) 1 - Pulaski 1 |
| TOP OF THE 4TH |
|
Cleveland (APP) Indians batting - Pitching for Pulaski Yankees : LHP Matt Cusatis
|
|
Batting: RHB Kevin Trull
|
0-0: Called Strike 0-1: Ball 1-1: Foul Ball, location: 2F 1-2: Ball 2-2: Foul Ball, location: 2F 2-2: Ball 3-2: Base on Balls
|
|
Pitching: RHP Jon Campbell
|
|
|
Batting: RHB Joe Shade
|
0-0: Swinging Strike 0-1: Called Strike 0-2: Ball 1-2: Ball 2-2: Ball 3-2: 2-RUN HOME RUN (Flyball, 9LD, EV 95.0 MPH), Distance : 349 ft
|
|
Batting: RHB Justin Teague
|
0-0: Ball 1-0: SINGLE (Groundball, 4D, EV 96.9 MPH)
|
|
Batting: RHB Aaron Stout
|
0-0: SINGLE (Flyball, 5D, EV 93.1 MPH) Justin Teague to second
|
|
Batting: RHB Carlos Manriquez
|
0-0: Ball 1-0: Swinging Strike 1-1: Fly out, F3 (Popup, 3F, EV 67.5 MPH)
|
|
Batting: RHB Michael Powell
|
0-0: Foul Ball, location: 2F 0-1: Swinging Strike 0-2: Ball 1-2: Foul Ball, location: 2F 1-2: Ball 2-2: Ball 3-2: Strikes out swinging
|
|
Batting: RHB Tsega Haida
|
0-0: Foul Ball, location: 2F 0-1: Foul Ball, location: 2F 0-2: Foul Ball, location: 2F 0-2: Ball 1-2: Ball 2-2: Ball 3-2: SINGLE (Flyball, 78M, EV 91.9 MPH) Justin Teague to third Aaron Stout to second Justin Teague scores Aaron Stout to third
|
|
Batting: RHB Jose Argueta
|
0-0: Foul Ball, location: 2F 0-1: Fielders Choice at 2nd, 5-4 (Groundball, 5, EV 95.0 MPH)
|
| Top of the 4th over - 3 runs, 4 hits, 0 errors, 2 left on base; Cleveland (APP) 4 - Pulaski 1 |
| BOTTOM OF THE 4TH |
|
Pulaski Yankees batting - Pitching for Cleveland (APP) Indians : RHP Jesus Montana
|
|
Batting: LHB Jared Zulkowski
|
0-0: Called Strike 0-1: Called Strike 0-2: Ball 1-2: Strikes out swinging
|
|
Batting: LHB Sergio Huerta
|
0-0: Called Strike 0-1: Foul Ball, location: 2F 0-2: Strikes out swinging
|
|
Batting: LHB Loo Lei
|
0-0: Foul Ball, location: 2F 0-1: Called Strike 0-2: Foul Ball, location: 2F 0-2: Strikes out swinging
|
| Bottom of the 4th over - 0 runs, 0 hits, 0 errors, 0 left on base; Cleveland (APP) 4 - Pulaski 1 |
| TOP OF THE 5TH |
|
Cleveland (APP) Indians batting - Pitching for Pulaski Yankees : RHP Jon Campbell
|
|
Batting: RHB Bill Ortiz
|
0-0: Ball 1-0: Ball 2-0: Ball 3-0: Called Strike 3-1: Foul Ball, location: 2F 3-2: Base on Balls
|
|
Batting: RHB Kevin Trull
|
0-0: Swinging Strike 0-1: Called Strike 0-2: 2-RUN HOME RUN (Flyball, 78XD, EV 100.0 MPH), Distance : 427 ft
|
|
Batting: RHB Joe Shade
|
0-0: Called Strike 0-1: Ball 1-1: Foul Ball, location: 2F 1-2: Ball 2-2: SOLO HOME RUN (Flyball, 7D, EV 98.1 MPH), Distance : 373 ft
|
|
Batting: RHB Justin Teague
|
0-0: Ball 1-0: Ball 2-0: Swinging Strike 2-1: Ball 3-1: Called Strike 3-2: Base on Balls
|
|
Batting: RHB Aaron Stout
|
0-0: Ball 1-0: Ball 2-0: Foul Ball, location: 2F 2-1: Called Strike 2-2: Foul Ball, location: 2F 2-2: Ball 3-2: Base on Balls Justin Teague to second
|
|
Batting: RHB Carlos Manriquez
|
0-0: Fielders Choice at 2nd, 6-4 (Groundball, 56, EV 108.1 MPH) Justin Teague to third
|
|
Batting: RHB Michael Powell
|
Pickoff Throw to First - Out! 1-3 0-0: Foul Ball, location: 2F 0-1: SINGLE (Groundball, 6D, EV 96.2 MPH) Justin Teague scores
|
|
Batting: RHB Tsega Haida
|
0-0: Ball 1-0: Called Strike 1-1: Swinging Strike 1-2: Ball 2-2: Ball 3-2: Base on Balls Michael Powell to second
|
|
Pitching: LHP Jessie Neal
|
|
|
Batting: RHB Jose Argueta
|
0-0: Called Strike 0-1: Foul Ball, location: 2F 0-2: Fly out, F8 (Line Drive, 8LD, EV 100.0 MPH)
|
| Top of the 5th over - 4 runs, 3 hits, 0 errors, 2 left on base; Cleveland (APP) 8 - Pulaski 1 |
| BOTTOM OF THE 5TH |
|
Pulaski Yankees batting - Pitching for Cleveland (APP) Indians : RHP Jesus Montana
|
|
Batting: RHB Ben Cunningham
|
0-0: SINGLE (Groundball, 34, EV 102.5 MPH)
|
|
Batting: RHB Jonathan Iniguez
|
0-0: Called Strike 0-1: Foul Ball, location: 2F 0-2: Foul Ball, location: 2F 0-2: Ball 1-2: Foul Ball, location: 2F 1-2: Fielders Choice at 2nd, 6-4 (Groundball, 6, EV 77.5 MPH)
|
|
Batting: SHB Corey Penson
|
0-0: Ball 1-0: Called Strike Jonathan Iniguez steals 2nd base (no throw) 1-1: Ball 2-1: Foul Ball, location: 2F 2-2: Single, Error in OF, E8, batter to second base (Groundball, 6MD, EV 104.4 MPH) Jonathan Iniguez scores
|
|
Pitching: RHP Luke Burnham
|
|
|
Batting: LHB Steve LeGrand
|
0-0: Called Strike 0-1: DOUBLE (Groundball, 5L, EV 101.2 MPH) Corey Penson scores
|
|
Batting: RHB Gonçalo Burhil
|
0-0: Ball 1-0: SINGLE (Flyball, 5D, EV 92.5 MPH) Steve LeGrand to third
|
|
Batting: RHB David Durr
|
0-0: SINGLE (Groundball, 56D, EV 95.6 MPH) Steve LeGrand scores Gonçalo Burhil to second
|
|
Batting: LHB Jared Zulkowski
|
0-0: Ball Wild Pitch! Gonçalo Burhil to third David Durr to second 1-0: Ball 2-0: Ball 3-0: Base on Balls
|
|
Batting: LHB Sergio Huerta
|
0-0: Ball 1-0: Foul Ball, location: 2F 1-1: Foul Ball, location: 2F Balk! Gonçalo Burhil scores David Durr to third Jared Zulkowski to second 1-2: DOUBLE (Line Drive, 89D, EV 106.2 MPH) David Durr scores Jared Zulkowski scores
|
|
Batting: LHB Loo Lei
|
0-0: Called Strike 0-1: Swinging Strike 0-2: SINGLE (Line Drive, 4D, EV 94.4 MPH) Sergio Huerta to third
|
|
Batting: RHB Ben Cunningham
|
0-0: Bunt missed! 0-1: Bunt missed! 0-2: Sac Bunt to 15S - play at first, batter OUT! 1-4 Loo Lei to second
|
|
Batting: RHB Jonathan Iniguez
|
0-0: Ground out 6-3 (Groundball, 6, EV 82.5 MPH)
|
| Bottom of the 5th over - 6 runs, 7 hits, 1 error, 2 left on base; Cleveland (APP) 8 - Pulaski 7 |
| TOP OF THE 6TH |
|
Cleveland (APP) Indians batting - Pitching for Pulaski Yankees : LHP Jessie Neal
|
|
Batting: RHB Bill Ortiz
|
0-0: Swinging Strike 0-1: Swinging Strike 0-2: Strikes out swinging
|
|
Batting: RHB Kevin Trull
|
0-0: Ball 1-0: Foul Ball, location: 2F 1-1: Ground out 4-3 (Groundball, 4, EV 99.4 MPH)
|
|
Batting: RHB Joe Shade
|
0-0: DOUBLE (Flyball, 78XD, EV 97.5 MPH)
|
|
Batting: RHB Justin Teague
|
0-0: Ball Wild Pitch! Joe Shade to third 1-0: Ball 2-0: Called Strike 2-1: Ball 3-1: Base on Balls
|
|
Batting: RHB Aaron Stout
|
0-0: Ball 1-0: Ball 2-0: Ball 3-0: Called Strike 3-1: Swinging Strike 3-2: Foul Ball, location: 2F 3-2: Base on Balls Justin Teague to second
|
|
Batting: RHB Carlos Manriquez
|
0-0: Called Strike 0-1: Ground out 6-3 (Groundball, 6S, EV 90.0 MPH)
|
| Top of the 6th over - 0 runs, 1 hit, 0 errors, 3 left on base; Cleveland (APP) 8 - Pulaski 7 |
| BOTTOM OF THE 6TH |
|
Pulaski Yankees batting - Pitching for Cleveland (APP) Indians : RHP Luke Burnham
|
|
Batting: SHB Corey Penson
|
0-0: Swinging Strike 0-1: Foul Ball, location: 2F 0-2: Fly out, F8 (Flyball, 8RD, EV 104.4 MPH)
|
|
Batting: LHB Steve LeGrand
|
0-0: Ball 1-0: Ball 2-0: Ball 3-0: Base on Balls
|
|
Batting: RHB Gonçalo Burhil
|
0-0: Hit by Pitch Steve LeGrand to second
|
|
Batting: RHB David Durr
|
0-0: Swinging Strike 0-1: Ball 1-1: Swinging Strike 1-2: Ball 2-2: Strikes out swinging
|
|
Batting: LHB Jared Zulkowski
|
0-0: Foul Ball, location: 2F 0-1: Swinging Strike 0-2: Strikes out swinging
|
| Bottom of the 6th over - 0 runs, 0 hits, 0 errors, 2 left on base; Cleveland (APP) 8 - Pulaski 7 |
| TOP OF THE 7TH |
|
Cleveland (APP) Indians batting - Pitching for Pulaski Yankees : LHP Jessie Neal
|
|
Batting: RHB Michael Powell
|
0-0: Called Strike 0-1: SINGLE (Groundball, 56D, EV 95.0 MPH)
|
|
Batting: RHB Tsega Haida
|
0-0: Bunted foul 0-1: Ball 1-1: Sac Bunt to 2L - play at first, batter OUT! 2-3 Michael Powell to second
|
|
Batting: RHB Jose Argueta
|
0-0: Ball 1-0: Called Strike 1-1: Called Strike 1-2: DOUBLE (Groundball, 3L, EV 98.1 MPH) Michael Powell scores
|
|
Batting: RHB Bill Ortiz
|
0-0: Fly out, F9 (Flyball, 89M, EV 91.2 MPH)
|
|
Batting: RHB Kevin Trull
|
0-0: Called Strike 0-1: Swinging Strike 0-2: Ball 1-2: Ball 2-2: Ball 3-2: Base on Balls
|
|
Batting: RHB Joe Shade
|
0-0: Ball 1-0: Swinging Strike 1-1: SINGLE (Groundball, 34D, EV 101.9 MPH) Jose Argueta to third Kevin Trull to second
|
|
Batting: RHB Justin Teague
|
0-0: Foul Ball, location: 2F 0-1: Ball 1-1: Ball 2-1: TRIPLE (Line Drive, 9LD, EV 108.1 MPH) Jose Argueta scores Kevin Trull scores Joe Shade scores
|
|
Batting: RHB Aaron Stout
|
0-0: Ball 1-0: Ball 2-0: Called Strike 2-1: Ball 3-1: Base on Balls
|
|
Batting: RHB Carlos Manriquez
|
0-0: Ball Aaron Stout steals 2nd base 1-0: Called Strike 1-1: Fly out, F8 (Flyball, BS6, EV 96.9 MPH)
|
| Top of the 7th over - 4 runs, 4 hits, 0 errors, 2 left on base; Cleveland (APP) 12 - Pulaski 7 |
| BOTTOM OF THE 7TH |
|
Pulaski Yankees batting - Pitching for Cleveland (APP) Indians : RHP Luke Burnham
|
|
Batting: LHB Sergio Huerta
|
0-0: Ground out 6-3 (Groundball, 6, EV 84.4 MPH)
|
|
Batting: LHB Loo Lei
|
0-0: Ball 1-0: Foul Ball, location: 2F 1-1: Ball 2-1: Foul Ball, location: 2F 2-2: SINGLE (Line Drive, 4M, EV 96.2 MPH)
|
|
Batting: RHB Ben Cunningham
|
0-0: Bunt missed! 0-1: Bunt missed! 0-2: Bunted foul, Strikeout!
|
|
Batting: RHB Jonathan Iniguez
|
0-0: Called Strike 0-1: SINGLE (Line Drive, 8LS, EV 101.9 MPH) Loo Lei to second Runner from 2nd tries for 3rd, SAFE, throw by CF made to third
|
|
Batting: SHB Corey Penson
|
0-0: Foul Ball, location: 2F 0-1: Called Strike 0-2: Strikes out swinging
|
| Bottom of the 7th over - 0 runs, 2 hits, 0 errors, 2 left on base; Cleveland (APP) 12 - Pulaski 7 |
| TOP OF THE 8TH |
|
Cleveland (APP) Indians batting - Pitching for Pulaski Yankees : LHP Jessie Neal
|
|
Batting: RHB Michael Powell
|
0-0: Ball 1-0: Ball 2-0: Called Strike 2-1: Foul Ball, location: 2F 2-2: Strikes out looking
|
|
Batting: RHB Tsega Haida
|
0-0: Called Strike 0-1: Ball 1-1: Called Strike 1-2: Ball 2-2: Ball 3-2: Base on Balls
|
|
Pitching: LHP Dustin Shaw
|
|
|
Batting: RHB Jose Argueta
|
0-0: Ball 1-0: Ball 2-0: Ground out 6-3 (Groundball, 6MS, EV 68.1 MPH) Tsega Haida to second
|
|
Batting: RHB Bill Ortiz
|
0-0: Called Strike 0-1: Ball 1-1: Called Strike 1-2: SINGLE (Groundball, 4MD, EV 97.5 MPH) Tsega Haida to third Runner from 3rd tries for Home, SAFE, throw by CF to home
|
|
Batting: RHB Kevin Trull
|
0-0: Ball 1-0: Fly out, F9 (Line Drive, 89M, EV 89.4 MPH)
|
| Top of the 8th over - 1 run, 1 hit, 0 errors, 1 left on base; Cleveland (APP) 13 - Pulaski 7 |
| BOTTOM OF THE 8TH |
|
Pulaski Yankees batting - Pitching for Cleveland (APP) Indians : RHP Luke Burnham
|
|
Batting: LHB Steve LeGrand
|
0-0: Swinging Strike 0-1: SINGLE (Groundball, 56, EV 85.6 MPH) (infield hit)
|
|
Batting: RHB Gonçalo Burhil
|
0-0: Ball 1-0: Foul Ball, location: 2F 1-1: Grounds into double play, 5-4-3 (Groundball, 56, EV 82.5 MPH)
|
|
Batting: RHB David Durr
|
0-0: Ball 1-0: Ball 2-0: Ground out 4-3 (Groundball, 4D, EV 91.9 MPH)
|
| Bottom of the 8th over - 0 runs, 1 hit, 0 errors, 0 left on base; Cleveland (APP) 13 - Pulaski 7 |
| TOP OF THE 9TH |
|
Cleveland (APP) Indians batting - Pitching for Pulaski Yankees : LHP Dustin Shaw
|
|
Batting: RHB Joe Shade
|
0-0: Ball 1-0: Called Strike 1-1: Swinging Strike 1-2: Ball 2-2: Ball 3-2: Base on Balls
|
|
Batting: RHB Justin Teague
|
0-0: Ball Joe Shade steals 2nd base 1-0: Ball 2-0: Ball 3-0: Base on Balls
|
|
Batting: RHB Aaron Stout
|
0-0: Foul Ball, location: 2F 0-1: Foul Ball, location: 2F 0-2: Ball 1-2: Foul Ball, location: 2F 1-2: Foul Ball, location: 2F 1-2: Ball 2-2: SINGLE (Groundball, 56D, EV 110.0 MPH) Joe Shade to third Justin Teague to second
|
|
Batting: RHB Carlos Manriquez
|
0-0: Called Strike 0-1: Ball 1-1: Ball 2-1: Ball 3-1: Fly out, F9 (Flyball, 9, EV 92.5 MPH)
|
|
Batting: RHB Michael Powell
|
0-0: Ball 1-0: Ball 2-0: Ball 3-0: Base on Balls Joe Shade scores Justin Teague to third Aaron Stout to second
|
|
Batting: RHB Tsega Haida
|
0-0: Ball 1-0: Ball 2-0: Foul Ball, location: 2F 2-1: GRAND SLAM HOME RUN (Flyball, 7D, EV 95.0 MPH), Distance : 366 ft
|
|
Pitching: LHP Alex Ramirez
|
|
|
Batting: RHB Jose Argueta
|
0-0: Ball 1-0: DOUBLE (Line Drive, 8RD, EV 98.1 MPH)
|
|
Batting: RHB Bill Ortiz
|
0-0: Ball 1-0: Ball 2-0: Ball 3-0: Called Strike 3-1: Base on Balls
|
|
Batting: RHB Kevin Trull
|
0-0: Foul Ball, location: 2F 0-1: Foul Ball, location: 2F 0-2: Ball 1-2: DOUBLE (Flyball, 8RXD, EV 101.2 MPH) Jose Argueta scores Bill Ortiz to third
|
|
Batting: RHB Joe Shade
|
0-0: Called Strike 0-1: Called Strike 0-2: Ball 1-2: Foul Ball, location: 2F 1-2: Foul Ball, location: 2F 1-2: Foul Ball, location: 2F 1-2: Ball 2-2: Foul Ball, location: 2F 2-2: 3-RUN HOME RUN (Flyball, 7D, EV 98.1 MPH), Distance : 379 ft
|
|
Pitching: RHP Eric Patrick
|
|
|
Batting: RHB Justin Teague
|
0-0: Swinging Strike 0-1: Called Strike 0-2: Ball 1-2: SINGLE (Line Drive, 56, EV 96.2 MPH)
|
|
Batting: RHB Aaron Stout
|
0-0: Ball 1-0: Swinging Strike 1-1: Foul Ball, location: 2F 1-2: Ball 2-2: Ball 3-2: Base on Balls Justin Teague to second
|
|
Batting: RHB Carlos Manriquez
|
0-0: Ball 1-0: Ball 2-0: Ball 3-0: Base on Balls Justin Teague to third Aaron Stout to second
|
|
Batting: RHB Michael Powell
|
0-0: Ball 1-0: Ball 2-0: Swinging Strike 2-1: Foul Ball, location: 2F 2-2: Ball 3-2: Foul Ball, location: 2F 3-2: Base on Balls Justin Teague scores Aaron Stout to third Carlos Manriquez to second
|
|
Batting: RHB Tsega Haida
|
0-0: DOUBLE (Flyball, 89D, EV 90.0 MPH) Aaron Stout scores Carlos Manriquez scores Michael Powell to third
|
|
Batting: RHB Jose Argueta
|
0-0: Ball 1-0: Ball 2-0: Ball 3-0: Base on Balls
|
|
Batting: RHB Bill Ortiz
|
0-0: Ball 1-0: Called Strike 1-1: Ball 2-1: GRAND SLAM HOME RUN (Line Drive, 89XD, EV 111.2 MPH), Distance : 425 ft
|
|
Batting: RHB Kevin Trull
|
0-0: Fly out, F7 (Flyball, 7D, EV 96.9 MPH)
|
|
Batting: RHB Joe Shade
|
0-0: Called Strike 0-1: Ball 1-1: Called Strike 1-2: Foul Ball, location: 2F 1-2: Foul Ball, location: 2F 1-2: Strikes out swinging
|
| Top of the 9th over - 16 runs, 8 hits, 0 errors, 0 left on base; Cleveland (APP) 29 - Pulaski 7 |
| BOTTOM OF THE 9TH |
|
Pulaski Yankees batting - Pitching for Cleveland (APP) Indians : RHP Luke Burnham
|
|
Pitching: RHP Tom Bemis
|
|
|
Batting: LHB Jared Zulkowski
|
0-0: Fly out, F9 (Line Drive, 89D, EV 95.6 MPH)
|
|
Batting: LHB Sergio Huerta
|
0-0: Ball 1-0: Called Strike 1-1: Foul Ball, location: 2F 1-2: Foul Ball, location: 2F 1-2: Ball 2-2: Foul Ball, location: 2F 2-2: Ball 3-2: Strikes out looking
|
|
Batting: LHB Loo Lei
|
0-0: Ball 1-0: Ball 2-0: Ball 3-0: Called Strike 3-1: Ground out 5-3 (Groundball, 56, EV 88.1 MPH)
|
| Bottom of the 9th over - 0 runs, 0 hits, 0 errors, 0 left on base; Cleveland (APP) 29 - Pulaski 7 |
|